 Dungeon Crawl Stone Soup version 0.32-a0-876-gcfddb08e57 (webtiles) character file.

Game seed: 15705917322492540756

398 Lanoc the Shooter (level 6, 0/48 HPs)
             Began as a Coglin Hunter on Mar 31, 2024.
             Was a Follower of Okawaru.
             Succumbed to a scorpion's poison
             ... on level 5 of the Dungeon.
             The game lasted 00:03:49 (2598 turns).

Lanoc the Shooter (Coglin Hunter)                   Turns: 2598, Time: 00:03:50

Health: 0/48       AC:  3    Str: 10 (11) XL:     6   Next: 83%
Magic:  6/6        EV: 12    Int:  8 (9)  God:    Okawaru [*.....]
Gold:   119        SH:  0    Dex: 18 (19) Spells: 5/5 levels left

rFire   . . .        a - +2 sling {Juwon}
rCold   . . .        d - +0 sling {Aula}
rNeg    . . .        c - +0 leather armour
rPois   .            (no helmet)
rElec   .            (no cloak)
rCorr   .            (no gloves)
SInv    .            (no boots)
Will    .....        (amulet unavailable)
Stlth   ++           (ring unavailable)
HPRegen 0.28/turn    (ring unavailable)
MPRegen 0.10/turn    (no gizmo)

%: no passive effects
@: lethally poisoned (0 -> -14), revving
A: off-hand wielding, slow wielding, warmup strikes, no jewellery
a: Invent Gizmo, Renounce Religion, Heroism


You were on level 5 of the Dungeon.
You worshipped Okawaru.
Okawaru was aware of your devotion.
You visited 1 branch of the dungeon, and saw 5 of its levels.

You collected 229 gold pieces.
You spent 110 gold pieces at shops.

Inventory:

Hand Weapons
 a - a +2 sling (weapon) {Juwon}
 d - a +0 sling (offhand) {Aula}
Armour
 c - a +0 leather armour (worn)
Scrolls
 b - a scroll of butterflies
 e - 2 scrolls of teleportation {unknown}
 f - 6 scrolls of identify {unknown}
 h - a scroll of noise {unknown}
 i - a scroll of revelation {unknown}
 k - a scroll of poison {unknown}
 l - a scroll of fear {unknown}
Potions
 g - 2 potions of degeneration
 j - a potion of heal wounds {unknown}
 m - a potion of mutation {unknown}
 n - 2 potions of lignification {unknown}
 o - a potion of haste
 p - a potion of curing {unknown}


   Skills:
 + Level 3.8 Fighting
 * Level 5.7 Ranged Weapons
 + Level 3.4 Dodging
 - Level 0.7 Stealth


You had 5 spell levels left.
You didn't know any spells.
Your spell library contained the following spells:

 Spells                   Type           Power      Damage    Failure   Level
 Sublimation of Blood     Necr           0%         N/A       65%         2
 Petrify                  Alch/Erth      0%         N/A       99%         4
 Irradiate                Conj/Alch      0%         3d11      100%        5


Dungeon Overview and Level Annotations

Branches:
Dungeon (5/15)
 Temple: D:4-7

Altars:
Fedhas
Hepliaklqana
Kikubaaqudgha
Okawaru

Shops:
D:1 [   D:2 *[!(   D:3 :


Innate Abilities, Weirdness & Mutations

You can wield a second weapon in your off-hand.
It takes a long time for you to wield or remove held weapons.
Your first few attacks do less damage.
You cannot equip rings or amulets.


Message History

The puff of flame hits you!
You shoot a sling bullet. The orc priest shouts!
The sling bullet hits the orc wizard.
You kill the orc wizard!
Okawaru accepts your kill.
You shoot a sling bullet.
The sling bullet closely misses the scorpion.
The sling bullet barely misses the scorpion.
The sling bullet barely misses the orc.
The sling bullet barely misses the orc priest.
The orc misses you.
You shoot a sling bullet. The sling bullet hits the orc.
The orc is severely wounded.
You shoot a sling bullet. The sling bullet hits the orc!
You kill the orc!
Okawaru accepts your kill.
The orc priest mumbles some strange prayers to Beogh against you.
Beogh smites you!
A quokka comes into view.
You are too injured to fight recklessly!
You are too injured to fight recklessly!
The scorpion attacks as it pursues you! The scorpion closely misses you.
The scorpion misses you. The scorpion attacks as it pursues you!
The scorpion stings you.
You are poisoned.
The scorpion poisons you!
The orc priest looks encouraged for a moment.
You feel very sick.
You feel sick.
You feel sick.
You feel sick. The scorpion attacks as it pursues you! The scorpion stings you.
* * * LOW HITPOINT WARNING * * *
You are lethally poisoned!
The scorpion poisons you! The scorpion stings you.
* * * LOW HITPOINT WARNING * * *
It was a potion of degeneration.
There was something very wrong with that liquid.
You feel weakened.
You feel dopey.
You feel clumsy.
You die...

#### #....
#....#######
#..........#########
...........o.......>
#......ss.#.######
..#####@####s# #<#
#.# ### ##o######.
#.........
#....o######.
#.....# #.....#
#....).# #....#.#


You could see 2 scorpions and an orc.

Vanquished Creatures
  2 hounds (D:4)
  An iguana (D:4)
  Natasha (thrice) (D:3)
  An orc wizard (D:5)
  Robin (D:4)
  4 gnolls
  3 adders
  A white imp (D:5)
  2 ufetubi (D:5)
  5 ribbon worms
  9 orcs
  6 ball pythons
  9 endoplasms
  2 giant cockroaches (D:3)
  7 hobgoblins
  4 jackals
  15 kobolds
  2 quokkas
  5 bats
  A frilled lizard (D:1)
  15 goblins
  3 rats
101 creatures vanquished.

Notes
Turn   | Place    | Note
-------+----------+-------------------------------------------
     0 | D:1      | Lanoc the Coglin Hunter began the quest for the Orb.
     0 | D:1      | Reached XP level 1. HP: 16/16 MP: 1/1
   295 | D:1      | Reached XP level 2. HP: 22/22 MP: 2/2
   440 | D:1      | Reached skill level 4 in Ranged Weapons
   454 | D:1      | Found Lyibuf's Armour Shoppe.
   618 | D:1      | Reached XP level 3. HP: 28/28 MP: 3/3
   686 | D:2      | Found Seuts's Antique Weapon Emporium.
   744 | D:2      | Found Veep's Antique Weapon Boutique.
   825 | D:2      | Found Zeczio's Distillery.
   959 | D:2      | Found Peocoh's Armour Emporium.
   969 | D:2      | Reached XP level 4. HP: 34/34 MP: 4/4
  1014 | D:2      | Found Askifiroa's General Store.
  1304 | D:3      | Noticed Natasha
  1310 | D:3      | Killed Natasha
  1355 | D:3      | Found Viquh's Book Emporium.
  1356 | D:3      | Found an iron altar of Okawaru.
  1373 | D:3      | Became a worshipper of Warmaster Okawaru
  1499 | D:3      | Reached XP level 5. HP: 41/41 MP: 5/5
  1559 | D:3      | Noticed Natasha
  1565 | D:3      | Killed Natasha
  1626 | D:3      | Noticed Natasha
  1629 | D:3      | Killed Natasha
  1630 | D:3      | Reached skill level 5 in Ranged Weapons
  1704 | D:2      | Bought a potion of haste for 110 gold pieces
  1753 | D:4      | Noticed Robin
  1764 | D:4      | Killed Robin
  1776 | D:4      | Reached XP level 6. HP: 32/47 MP: 6/6
  1885 | D:4      | Found an ancient bone altar of Kikubaaqudgha.
  1885 | D:4      | Found a blossoming altar of Fedhas.
  2299 | D:4      | Found a hazy altar of Hepliaklqana.
  2352 | D:4      | Reached * piety under Okawaru
  2513 | D:5      | Entered Level 5 of the Dungeon
  2597 | D:5      | HP: 2/48 [scorpion (5)]
  2598 | D:5      | Succumbed to a scorpion's poison

Illustrated notes

Levels and vault maps discovered:
D:1:      psy_arrival_radial01, layout_basic, serial_shops, shop
D:2:      layout_loops_ring, serial_shops, nicolae_shop_hallway_stairs, shop,
          shop, nicolae_shop_temple_entry_statues_fountains, shop
D:3:      layout_rooms, okawaru_ov_weapons_minmay, serial_shops, shop,
          uniq_natasha
D:4:      layout_loops_ring, lemuel_tele_altar,
          grunt_temple_overflow_growth_and_decay, uniq_robin
D:5:      layout_basic

Skill      XL: |  1  2  3  4  5 |
---------------+----------------+-----
Dodging        | 2 3 |  3.4
Ranged Weapons | 4 5 |  5.7
Fighting       | 3 |  3.8
Stealth        | |  0.7

Action                     |  1- 3 |  4- 6 || total
---------------------------+-------+-------++-------
   Fire: Sling             |   130 |   308 ||   438
    Use: Potion            |       |     1 ||     1
 Armour: Leather armour    |     6 |    25 ||    31
  Dodge: Dodged            |     7 |    31 ||    38

Table legend: (Time is in decaauts)
 A = Elapsed time spent in this place.
 B = Non-inter-level travel time spent in this place.
 C = Inter-level travel time spent in this place.
 D = Time resting spent in this place.
 E = Time spent auto-exploring this place.
 F = Levels seen in this place.
 G = Mean time per level.
                   A        B        C        D        E       F      G
               +--------+--------+--------+--------+--------+-----+--------+
         Total |   2644 |   2457 |    187 |      0 |   2027 |   5 |  528.8 |
       Dungeon |   2644 |   2457 |    187 |      0 |   2027 |   5 |  528.8 |
               +--------+--------+--------+--------+--------+-----+--------+

Top non-repeatable levels by time:
     D:4: 800 daAuts
     D:2: 752 daAuts
     D:1: 634 daAuts
     D:3: 369 daAuts
     D:5: 87 daAuts
